Map: Acid Plant LE

Players

larsgj - Winner!

  • Race: Terran Terran
  • Spawn Location: 5:00

VOD

Have the link to the VOD?

Description

Time

  • Played on: Sept. 4, 2018, 12:02 p.m.
  • Length: 25:59
Show
View Real Time Build Order
Export as new Build Order

larsgj Terran - Winner!

Build Orders:  

Get SALT Encoding   

  12  0:02  SCV  
  13  0:19  SCV  
  14  0:26  Supply Depot  
  14  0:36  SCV  
  15  0:58  SCV  
  16  1:11  Barracks  
  16  1:17  SCV  
  17  1:28  Refinery  
  17  1:34  SCV  
  18  1:46  Refinery  
  18  1:51  SCV  
  18  1:52  Supply Depot  
  19  2:08  SCV  
  20  2:19  Marine  
  21  2:37  SCV  
  22  2:44  Marine  
  23  2:52  Engineering Bay  
  23  2:54  SCV  
  24  3:03  Supply Depot  
  24  3:09  Marine  
  25  3:11  SCV  
  25  3:14  Barracks  
  26  3:28  SCV  
  27  3:31  Terran Infantry Weapons Level 1  
  27  3:34  Marine  
  28  3:59  Marine  
  29  4:24  Supply Depot  
  29  4:29  Marine x2  
  31  4:54  Marine x2  
  33  5:00  Supply Depot  
  33  5:16  Bunker  
  33  5:19  Marine x2  
  35  5:30  Bunker  
  35  5:44  Marine x2  
  37  5:51  SCV  
  37  5:59  Supply Depot  
  38  6:08  SCV  
  38  6:09  Marine x2  
  41  6:11  Terran Infantry Armor Level 1  
  41  6:15  Bunker  
  41  6:25  SCV  
  42  6:36  Missile Turret  
  42  6:42  SCV  
  43  6:59  SCV  
  44  7:07  Missile Turret  
  44  7:30  Command Center  
  44  7:35  Barracks Tech Lab  
  44  7:40  Barracks Reactor  
  44  7:41  Missile Turret  
  44  8:04  Factory  
  44  8:07  Unknown  
  44  8:25  Missile Turret  
  44  8:51  Neosteel Frame  
  44  8:53  Missile Turret  
  44  9:11  Marine x2  
  44  9:12  Marine  
  44  9:15  SCV  
  48  9:21  Missile Turret  
  48  9:32  SCV, Refinery  
  49  9:50  Missile Turret, Refinery  
  49  10:16  SCV  
  50  10:27  Missile Turret  
  50  10:31  SCV  
  50  10:33  SCV  
  52  10:42  Armory  
  52  10:55  Missile Turret  
  52  11:16  Barracks  
  52  11:31  Marine x2  
  52  11:32  Marine  
  52  11:33  Missile Turret  
  55  11:51  Orbital Command  
  55  11:55  Orbital Command  
  55  11:56  Marine x2  
  57  12:01  Structure Armor  
  57  12:05  Missile Turret  
  57  12:08  Terran Vehicle And Ship Armor Level 1  
  57  12:23  Starport  
  57  12:24  Barracks  
  57  12:34  Barracks Reactor  
  57  13:21  Hi-Sec Auto Tracking  
  57  13:33  Command Center  
  57  13:36  Barracks Reactor  
  57  13:40  Marine  
  57  13:41  Marine x4  
  62  13:53  Starport Tech Lab  
  62  14:16  Fusion Core  
  62  14:24  Medivac  
  53  15:06  Medivac  
  55  15:15  Bunker, Command Center  
  55  15:16  Marine  
  55  15:17  Marine x6  
  62  15:30  Orbital Command  
  62  15:41  Marine  
  62  15:48  Medivac  
  65  16:20  Marine  
  66  16:30  Medivac  
  68  16:48  Marine x2  
  68  16:49  Marine x2  
  72  16:50  Marine  
  72  16:51  Marine  
  72  16:52  Marine  
  75  17:12  Unknown, Medivac  
  75  17:13  Marine x2  
  75  17:14  Marine x2  
  75  17:15  Marine  
  75  17:16  Marine  
  75  17:17  Marine  
  84  17:31  Orbital Command  
  84  17:38  Marine x2  
  84  17:39  Marine x2  
  88  17:40  Marine  
  88  17:41  Marine  
  88  17:42  Marine  
  91  17:54  Medivac  
  93  18:03  Marine x3  
  93  18:04  Marine  
  93  18:05  Marine  
  93  18:06  Marine  
  93  18:07  Marine  
  100  18:16  Terran Vehicle And Ship Armor Level 2  
  100  18:19  Terran Infantry Weapons Level 2  
  100  18:28  Marine x3  
  100  18:29  Marine  
  104  18:30  Marine  
  104  18:31  Marine  
  104  18:32  Marine  
  104  18:36  Medivac  
  109  18:53  Marine x3  
  109  18:54  Marine  
  109  18:55  Marine  
  109  18:56  Marine  
  109  18:57  Marine  
  116  19:18  Medivac  
  114  20:04  Marine  
  114  20:05  Marine x6  
  121  20:29  Marine  
  122  20:30  Marine x6  
  128  20:54  Marine x4  
  128  20:55  Marine x3  
  128  20:57  Bunker  
  135  21:29  Terran Infantry Armor Level 2  
  132  22:47  Marine  
  132  22:48  Marine x6  
  139  23:12  Marine x3  
  139  23:13  Marine x4  
  145  23:37  Marine x3  
Tags
 
Matchup
Co-op
Replay Pack
Multiplayer
Add a new tag
Caveats
  • Supply blocks, unpowered buildings, or Contaminate may cause inaccurate times.
  • Supply counts are checked every 10 seconds.